[Event "41st Zalakaros Festival 2022"]
[Site "Zalakaros"]
[Date "2022.06.05"]
[Round "1.10"]
[White "Nemeth, Attila Janos"]
[Black "Ianov, Viktor"]
[Result "1/2-1/2"]
[ECO "A42"]
[WhiteElo "1938"]
[BlackElo "2279"]
[Annotator "TA"]
[PlyCount "139"]
[EventDate "2022.06.05"]
[EventType "swiss"]
[EventCountry "HUN"]
[SourceTitle "playchess.com"]
[Source "ChessBase"]
[SourceQuality "1"]
[TimeControl "40/5400+30:1800+30"]

1. d4 d6 2. c4 g6 3. Nc3 Bg7 4. e4 e5 5. dxe5 dxe5 6. Qxd8+ Kxd8 7. Bg5+ f6 8. Be3 {[%emt 0:00:12] A42: Modern Defence: Averbakh Variation.} Be6 9. O-O-O+ Nd7 10. f3 (10. f4 $142) 10... Bh6 $11 11. Bxh6 Nxh6 {[%emt 0:00:10] [#]} 12. Nh3 $146 ({Predecessor:} 12. Bd3 c6 13. Nge2 Ke7 14. b3 a6 15. Kb2 Nf7 16. Bc2 Nd6 17. Rd2 Nc8 18. a4 a5 19. Rhd1 {½-½ (69) Bogdanovich,S (2190)-Matjushin,G (2459) Evpatoria 2006}) 12... c6 (12... Bxh3 $5 13. gxh3 c6 $11) 13. Be2 (13. Nf2 $15) 13... Ke7 (13... Bxh3 $17 14. gxh3 Ke7) 14. Nf2 $15 Nf7 15. Rd2 Nb6 (15... Nc5 {keeps more tension.} 16. Rhd1 Rhd8 17. b3 b6) 16. b3 Rhd8 17. Rhd1 Rxd2 18. Rxd2 Rc8 19. Kb2 h5 20. Nfd1 h4 21. Ne3 Ng5 22. b4 f5 23. c5 {[%emt 0:00:21] And now exf5 would win.} f4 24. Ng4 (24. Ned5+ $15 cxd5 25. exd5) 24... Nd7 $17 25. h3 b6 (25... Bxg4 $17 26. fxg4 (26. hxg4 Rh8 $17) 26... a5) 26. cxb6 $15 axb6 (26... Bxg4 $15 27. bxa7 (27. fxg4 axb6 28. Ba6 Rc7 $15) (27. hxg4 Nxb6 28. b5 Ne6 $15) 27... Be6) 27. a4 Nf7 28. Rd1 Nd6 29. Ra1 Nc4+ 30. Bxc4 Bxc4 31. Kc2 Ke6 32. Nf2 Nb8 33. Na2 Rd8 34. Kc3 Rd4 35. b5 (35. Nc1 $11) 35... Kd6 (35... cxb5 $15 36. Nb4 Rd8) 36. Nb4 $11 cxb5 37. Nc2 {[%emt 0:02:09] Pair of Knights!} Kc5 (37... b4+ $1 $11 38. Nxb4 Be6) 38. Nxd4 $18 exd4+ {[%emt 0:00:12][%mdl 4096] Endgame KRN-KBN} 39. Kd2 Nc6 40. axb5 Ne5 41. Ke1 Bxb5 42. Ra8 Bc4 43. Re8 Kd6 44. Rf8 b5 (44... Nf7 {was called for.} 45. Rb8 Kc7) 45. Rxf4 b4 46. Rf8 (46. Rxh4 $18 {Threatens to win with f4.} Kc5 47. Rh8) 46... b3 $16 {[%emt 0:00:14] Strongly threatening ...Nd7.} 47. Nd1 Kc5 (47... Nd3+ $16 {was worth a try.} 48. Kd2 Kc5 49. Rc8+ Kb4 50. Rb8+ Kc5) 48. f4 $2 (48. Nb2 $18) 48... Nd3+ $1 $14 49. Kd2 b2 50. Nxb2 Nxb2 51. f5 gxf5 52. exf5 {[%emt 0:01:10] Hoping for f6.} Bd5 53. f6 Nc4+ 54. Ke2 Ne5 55. Rh8 Bxg2 56. Kf2 Bd5 {[%emt 0:00:22] White must now prevent ...Nd7.} 57. Rxh4 $2 (57. Rh5 $1 $11 Nf7 58. Rxh4) 57... Bf7 $2 ({Better is} 57... Kc4 $1 $19 58. Rh5 Nd7) 58. Rh7 (58. Ke2 $11 {and White stays safe.}) 58... Kd5 $2 (58... Kc4 $19 59. Rh4 Kc3) 59. Ke2 $11 Bg6 60. Re7 Kd6 61. Ra7 Ke6 {[%emt 0:02:42] aiming for ...Nc4.} 62. Ra6+ Kd5 {[%emt 0:00:13] ( -> ...Bd3+)} 63. Ra7 $2 (63. Kf2 $15) 63... Bh5+ $2 (63... d3+ $1 $19 64. Kf2 Kd4) 64. Kf2 Ke6 65. Ra6+ {[%emt 0:00:34] [#]} (65. Ra4 $11 {remains equal.}) 65... Kf7 (65... Kf5 $1 $17) 66. Rd6 d3 67. Rd4 Kxf6 68. Ke3 Be2 69. Kf4 $2 {[%emt 0:02:00][%mdl 8192] [#]} (69. h4 $11) 69... Nf7 $2 (69... Nc6 $1 $19 70. Rd5 Ke6) 70. Ke3 {[%emt 0:00:21] What a fight!  Weighted Error Value: White=0.42/Black=0.43} 1/2-1/2

[Event "41st Zalakaros Festival 2022"]
[Site "Zalakaros"]
[Date "2022.06.06"]
[Round "2.1"]
[White "Forgacs, Attila Jr."]
[Black "Kantor, Gergely"]
[Result "0-1"]
[ECO "C88"]
[WhiteElo "2234"]
[BlackElo "2587"]
[Annotator "TA"]
[PlyCount "66"]
[EventDate "2022.06.05"]
[EventType "swiss"]
[EventCountry "HUN"]
[SourceTitle "playchess.com"]
[Source "ChessBase"]
[SourceQuality "1"]
[TimeControl "40/5400+30:1800+30"]

1. e4 e5 2. Nf3 Nc6 3. Bb5 a6 4. Ba4 Nf6 5. O-O Be7 6. Re1 b5 7. Bb3 O-O 8. a4 Bb7 9. d3 d6 10. Nbd2 Nd7 11. c3 Nc5 12. axb5 {[%emt 0:01:05] 12.axb5 is better than 12.Bc2.} axb5 13. Rxa8 Qxa8 14. Bc2 {[%emt 0:00:13] C88: Closed Ruy Lopez: Anti-Marshall Systems.} b4 15. d4 bxc3 16. bxc3 {[%emt 0:00:08] The position is equal.} Nd7 17. Nf1 Bf6 18. Ne3 exd4 19. cxd4 Nb4 {[%emt 0:00:12] [#]} 20. Nf5 $146 ({Predecessor:} 20. Ng4 Nxc2 21. Qxc2 Bd8 22. d5 Re8 23. Ne3 Nf6 24. Nf5 Bc8 25. N5d4 Nd7 26. Nc6 {0-1 (45) Roberson,P (2437)-Sanal,V (2581) Chess.com INT 2020}) 20... Re8 21. Ba4 Rd8 (21... Bc6 $14 22. Bxc6 Qxc6) 22. Bxd7 $2 (22. Ng5 $1 $18 {[%cal Od1h5] is the precise move to win. Black must now prevent Qh5!} h6 23. Nxf7 $1 Kxf7 24. Qh5+ g6 25. Nxh6+ Kg7 26. Nf5+ $1 gxf5 27. Bh6+ Kg8 28. Qg6+ Kh8 29. Bxd7 Rxd7 30. Qxf6+ Kh7 31. Qxf5+ Kxh6 32. Qe6+ Kh7 33. Qxd7+ Kh8 34. Qxc7) 22... Rxd7 $16 23. Qb3 {[%emt 0:01:08] Threatens to win with e5.} c5 {[%emt 0:12:21] [#]} (23... Bxe4 $2 24. Qxb4 (24. Ng3 Bxf3 25. gxf3 Nc6 $17) 24... Rd8 25. N3h4 $18) 24. Bf4 ({White should try} 24. Bg5 $1 $16 {[%cal Rg5f6] Hoping for Bxf6.} Bxg5 25. Nxg5) 24... Bxe4 $11 25. Nxd6 Bd5 {[%emt 0:02:39] A strong pair of Bishops.} (25... Re7 $5 26. Nxe4 Rxe4 27. Rxe4 Qxe4 $11) 26. Qa4 Rd8 $17 27. Qb5 (27. Qxa8 $17 Rxa8 28. Re8+ (28. dxc5 $2 Nd3 $19) 28... Rxe8 29. Nxe8) 27... Bxf3 28. gxf3 Nc2 $36 {[%emt 0:00:26][%mdl 2048] Black has strong initiative.} 29. Rd1 (29. Re4 Nxd4 30. Qb7 Nxf3+ 31. Kg2 Nh4+ 32. Kf1) 29... Qxf3 $19 30. Qd3 Qxf4 31. Nb7 Qg4+ 32. Kh1 Rxd4 {[%emt 0:00:29] ( -> ...Ne3)} 33. Re1 {[%emt 0:00:23] Prevents Ne3.} Nxe1 {[%emt 0:00:16] Weighted Error Value: White=1.46/Black=0.28 (precise)} ({But not} 33... Rxd3 34. Re8#) 0-1

[Event "41st Zalakaros Festival 2022"]
[Site "Zalakaros"]
[Date "2022.06.06"]
[Round "2.2"]
[White "Horvath, Adam"]
[Black "Pasztor, Ferenc"]
[Result "0-1"]
[ECO "C42"]
[WhiteElo "2513"]
[BlackElo "2195"]
[Annotator "TA"]
[PlyCount "78"]
[EventDate "2022.06.05"]
[EventType "swiss"]
[EventCountry "HUN"]
[SourceTitle "playchess.com"]
[Source "ChessBase"]
[SourceQuality "1"]
[TimeControl "40/5400+30:1800+30"]

1. e4 e5 2. Nf3 Nf6 3. Nxe5 d6 4. Nf3 Nxe4 5. Bd3 Nc5 6. Be2 {[%emt 0:00:30] C42: Petroff Defence: 3 Nxe5 and unusual White 3rd moves.} d5 7. O-O Be7 8. Re1 {[%emt 0:15:06] White is slightly better.} (8. d4 $5 Ne4 9. c4 $14) 8... O-O {[%emt 0:03:10] [#]} (8... d4 $11) 9. c3 $146 ({Predecessor:} 9. d4 Ne6 10. c4 c6 11. Nc3 Re8 12. Be3 Bf6 13. cxd5 cxd5 14. Qb3 Nc7 15. Ne5 {0-1 (33) Kosteniuk,A (2518)-Jobava,B (2582) Chess.com INT 2021}) 9... Bf5 10. d3 (10. d4 $5 Ne6 11. Bd3 Bxd3 12. Qxd3 $11) 10... Nc6 11. Na3 (11. d4 $5 Ne4 12. Nbd2 $11) 11... Bf6 12. Nc2 Qd7 13. d4 Ne4 14. Bf4 g5 15. Be5 (15. Bc1 $14) 15... g4 $15 16. Nd2 ({Don't blunder} 16. Bxf6 $2 gxf3 17. Bb5 Nxf6 $19) 16... Bxe5 17. dxe5 Nxe5 18. Ne3 $1 Rad8 19. Nxe4 dxe4 20. Qd4 Rfe8 (20... Qxd4 $2 21. cxd4 Nc6 22. Nxf5 $18) 21. Rad1 b6 {[%emt 0:03:48] Inhibits Qc5.} 22. Nxf5 (22. Qxd7 $11 Bxd7 23. Nd5) 22... Qxf5 $17 23. Qxd8 Rxd8 24. Rxd8+ Kg7 25. Bf1 h5 (25... c5 $17 {Strongly threatening ...h5.} 26. b4 Qf6) 26. Rd4 $11 Ng6 (26... Nd3 $142 27. Bxd3 exd3) 27. Rdxe4 ({Inferior is} 27. Rexe4 c5 28. Ra4 b5 29. Bxb5 c4 $17) 27... h4 28. g3 ({White should play} 28. a3 $14) 28... h3 29. R1e3 Qd7 (29... f6 $11) 30. Rd4 (30. Be2 $5 ) 30... Qc8 31. Bc4 (31. f4 $16) 31... c5 32. Rd5 (32. Rde4 $11) 32... Qc6 {[%emt 0:00:39] [#] Threatens to win with ...b5.} 33. a4 {[%emt 0:00:47] Prevents b5.} a6 {[%emt 0:00:02][%cal Ba7a6,Ba6b5][%mdl 32] aiming for ...b5.} ({Stronger than} 33... Qxa4 34. Bf1) 34. Re1 $2 (34. Kf1 $17) 34... b5 $19 {[%emt 0:00:18] Black is clearly winning.} 35. axb5 axb5 36. Ba2 c4 37. Red1 Ne7 38. Bb1 Nxd5 39. Be4 Qe6 {[%emt 0:02:16] Weighted Error Value: White=0.78/Black=0.25 (precise)} 0-1

[Event "41st Zalakaros Festival 2022"]
[Site "Zalakaros"]
[Date "2022.06.06"]
[Round "2.3"]
[White "Daroczi, Donat"]
[Black "Csonka, Balazs"]
[Result "1/2-1/2"]
[ECO "B62"]
[WhiteElo "2132"]
[BlackElo "2498"]
[Annotator "TA"]
[PlyCount "39"]
[EventDate "2022.06.05"]
[EventType "swiss"]
[EventCountry "HUN"]
[SourceTitle "playchess.com"]
[Source "ChessBase"]
[SourceQuality "1"]
[TimeControl "40/5400+30:1800+30"]

1. e4 c5 2. Nf3 Nc6 3. d4 cxd4 4. Nxd4 Nf6 5. Nc3 d6 6. Bg5 e6 7. Bb5 Bd7 8. Qd3 $1 {[%emt 0:01:37][%mdl 4] is currently scoring better than 8.Bxc6. B62: Sicilian: Richter-Rauzer: 6...e6: Unusual White 7th moves.} h6 9. Bh4 Be7 10. O-O-O {[%emt 0:00:55] The position is equal.} Ne5 11. Qe2 {[%emt 0:04:10] [#]} (11. Qh3 $5 ) 11... g5 $146 (11... a6 $5 12. Bxd7+ Nexd7 $11) ({Predecessor:} 11... O-O 12. f4 Ng6 13. Bg3 a6 14. Bxd7 Nxd7 15. f5 exf5 16. Nxf5 Re8 17. Bxd6 Bf6 {1-0 (45) Sadhwani,R (2522)-Durarbayli,V (2625) Moscow 2020}) 12. Bg3 a6 $1 13. Bxd7+ Nfxd7 14. Nf3 Qa5 15. Nxe5 dxe5 16. Kb1 Bb4 {[%emt 0:18:53] [#]} 17. Rd3 Rc8 18. Nd1 ({Much worse is} 18. Rhd1 Bxc3 19. Rxc3 (19. Rxd7 $2 Qb4 $19) 19... Rxc3 $15) 18... h5 {[%emt 0:09:35] ...h4 is the strong threat.} 19. a3 Be7 {[%emt 0:03:56] Threatens to win with ...h4.} 20. f3 {[%emt 0:00:09] Weighted Error Value: White=0.08 (flawless) /Black=0.08 (flawless)} 1/2-1/2

[Event "41st Zalakaros Festival 2022"]
[Site "Zalakaros"]
[Date "2022.06.06"]
[Round "2.4"]
[White "Pranav Vijay"]
[Black "Nemeth, Zalan"]
[Result "1-0"]
[ECO "B30"]
[WhiteElo "2265"]
[BlackElo "2177"]
[Annotator "TA"]
[PlyCount "41"]
[EventDate "2022.06.05"]
[EventType "swiss"]
[EventCountry "HUN"]
[SourceTitle "playchess.com"]
[Source "ChessBase"]
[SourceQuality "1"]
[TimeControl "40/5400+30:1800+30"]

1. e4 c5 2. Nf3 Nc6 3. Bb5 e5 4. O-O Bd6 5. c3 a6 6. Bxc6 {[%emt 0:02:28] B30: Sicilian: 2...Nc6 3 Bb5, lines without ...g6.} dxc6 7. d4 cxd4 ({Black should play} 7... exd4 $11 8. cxd4 Bg4) 8. cxd4 $14 {[%emt 0:00:08] White is slightly better.} exd4 9. Qxd4 {[%emt 0:00:07] [#]} Bf8 $146 ({Predecessor:} 9... f6 10. Nc3 Be6 11. Rd1 Bc7 12. Qb4 Qe7 13. Qxe7+ Nxe7 14. Na4 Kf7 15. Nc5 Rad8 {0-1 (45) Rutten,A (2104)-Boskovic,D (2451) Veliko Gradiste 2021}) 10. Qa4 Nf6 11. Rd1 Bd7 12. Nc3 ({Much weaker is} 12. Qb3 $6 Qc7 $11) 12... Be7 13. Bg5 $1 {[%emt 0:01:18] Strongly threatening Ne5.} Qc8 (13... h6 $16) 14. Rac1 (14. Qd4 $18) 14... h6 $16 15. Bh4 {[%emt 0:06:22][%cal Bg5h4,Bh4g3,Bg3d6][%mdl 32] And now e5 would win.} g5 {[%emt 0:05:01] [#]} 16. Bg3 $36 {[%emt 0:06:34][%mdl 2048] Bd6 is the strong threat. White is in control.} O-O {[%emt 0:01:18] [#]} 17. Bd6 $1 {[%emt 0:01:50] White is more active.} Re8 {[%emt 0:03:24][%mdl 8192] Black cannot hold the game after this.} (17... Bxd6 $16 18. Rxd6 Be6) 18. Bxe7 $18 Rxe7 19. e5 Ne8 20. Qb4 Re6 21. Na4 {[%emt 0:02:40] Weighted Error Value: White=0.16 (very precise) /Black=0.41} 1-0

[Event "41st Zalakaros Festival 2022"]
[Site "Zalakaros"]
[Date "2022.06.06"]
[Round "2.5"]
[White "Papp, Levente"]
[Black "Boronyak, Arpad"]
[Result "1-0"]
[ECO "E81"]
[WhiteElo "2401"]
[BlackElo "2126"]
[Annotator "TA"]
[PlyCount "77"]
[EventDate "2022.06.05"]
[EventType "swiss"]
[EventCountry "HUN"]
[SourceTitle "playchess.com"]
[Source "ChessBase"]
[SourceQuality "1"]
[TimeControl "40/5400+30:1800+30"]

1. d4 Nf6 2. c4 d6 3. Nc3 g6 4. e4 Bg7 5. f3 O-O 6. Nge2 e5 7. Be3 Nc6 8. d5 Nb8 9. Qd2 Nbd7 10. O-O-O {[%emt 0:10:04] E85: King's Indian: Sämisch: 6...e5.} a6 11. Kb1 {[%emt 0:03:34] [#]} Rb8 $146 ({Predecessor:} 11... Nc5 12. Nc1 Bd7 13. Nd3 Qe7 14. Nxc5 dxc5 15. d6 cxd6 16. Qxd6 Qxd6 17. Rxd6 Be6 {1-0 (57) Contreras Rodriguez,H-Aguirre,A Villa Gesell 1971}) 12. g4 {[%emt 0:05:55] White is better.} b5 (12... h5 $16) 13. cxb5 axb5 14. Nc1 Ba6 (14... b4 $16) 15. a4 $18 Nb6 16. axb5 Bc8 17. N1a2 Bd7 (17... Ra8 $142 18. Nb4 Qe8) 18. Nb4 Ra8 19. Nc6 Bxc6 20. bxc6 Qb8 21. Kc2 Na4 (21... Ra5 $142 22. Qd3 Na4) 22. Nb5 {[%emt 0:06:33] Active counter play!} Rc8 (22... Ne8 {was necessary.} 23. Ra1 f5) 23. Be2 Ne8 24. Ra1 Nc5 (24... Nb6 $142 25. Qb4 f6 26. Nxc7 Qxc7 27. Qxb6 Rcb8 28. Qxc7 Nxc7) 25. b4 Na4 26. Ra3 Nb6 27. Rha1 Rxa3 28. Rxa3 Rd8 29. Ra7 f5 30. Bg5 Rc8 31. gxf5 gxf5 32. exf5 Kh8 33. Kb3 Nf6 34. Bc4 Re8 35. Bxf6 Bxf6 36. Rxc7 {[%emt 0:01:23] [#] Black must now prevent Qh6.} Qa8 37. Ra7 Qc8 38. Nxd6 Nxc4 39. Kxc4 {[%emt 0:00:36] Weighted Error Value: White=0.10 (very precise) /Black=0.75} 1-0

[Event "41st Zalakaros Festival 2022"]
[Site "Zalakaros"]
[Date "2022.06.06"]
[Round "2.6"]
[White "Dobai, Szabolcs"]
[Black "Okhotnik, Vladimir"]
[Result "0-1"]
[ECO "A36"]
[WhiteElo "2113"]
[BlackElo "2336"]
[Annotator "TA"]
[PlyCount "90"]
[EventDate "2022.06.05"]
[EventType "swiss"]
[EventCountry "HUN"]
[SourceTitle "playchess.com"]
[Source "ChessBase"]
[SourceQuality "1"]
[TimeControl "40/5400+30:1800+30"]

1. c4 g6 2. g3 c5 3. Bg2 Nc6 4. Nc3 Bg7 5. e4 a6 6. Nge2 Rb8 7. a4 {[%emt 0:01:17] A36: Symmetrical English vs ...g6: 4 Bg2 Bg7.} d6 8. O-O e6 9. d3 {[%emt 0:00:16] The position is equal.} Nge7 10. Rb1 O-O 11. Be3 Nd4 12. b4 b6 (12... cxb4 $5 13. Bxd4 Bxd4 14. Nxd4 bxc3 $11) 13. Qd2 Nec6 14. b5 axb5 15. axb5 Ne7 (15... Nxe2+ $11 16. Nxe2 Ne5) 16. Bh6 $14 {[%emt 0:14:58] [#]} e5 $146 ({Predecessor:} 16... Bb7 17. Bxg7 Kxg7 18. Nxd4 cxd4 19. Ne2 e5 20. Ra1 Qc7 21. Ra2 Ra8 22. Rfa1 Rxa2 23. Rxa2 {1-0 (62) Peelen,P-Fuller,K Ramsgate 1984}) 17. Nxd4 exd4 18. Ne2 f5 19. Ra1 ({White should try} 19. Bg5 $16) 19... fxe4 20. Bxe4 Qd7 ({Black should play} 20... Bxh6 $14 21. Qxh6 Rf7) 21. Bxg7 Kxg7 22. Ra2 (22. Nf4 $18) 22... Bb7 {[%emt 0:03:39] [#]} (22... d5 $11 23. cxd5 Nxd5) 23. Ra7 (23. Bxb7 $1 $16 Rxb7 24. Re1) 23... d5 24. cxd5 {[%emt 0:02:39] aiming for Nf4.} Nc8 25. Raa1 Bxd5 ({Better is} 25... Ne7 $1 $14) 26. Qg5 (26. Bxd5 $16 Qxd5 27. Nf4) 26... Bxe4 $11 27. Qe5+ (27. dxe4 $5 Nd6 28. Nf4 $15) 27... Kg8 28. dxe4 Qd6 29. Qg5 Rb7 (29... Qf6 $15 {might be stronger.} 30. Qxf6 Rxf6) 30. Nf4 Re7 31. Rfe1 Qe5 32. Qxe5 Rxe5 33. Nd5 d3 34. Rad1 c4 $1 {[%emt 0:00:34] next ...Nd6 is good for Black.} 35. f4 {[%emt 0:00:51] [#]} Rxd5 36. exd5 {[%emt 0:00:08][%mdl 4096] Endgame Re6 is the strong threat. KRR-KRN} Nd6 37. Re6 Rd8 38. Kf2 (38. Kf1 $1 $11) 38... Nxb5 $17 {[%emt 0:00:14] White must now prevent ...Nc3.} 39. Rc6 (39. Rxb6 $17 {is a better defense.} Nc3 40. Rd2) 39... Nc3 $19 40. Rd2 (40. Rxd3 Ne4+ 41. Ke3 cxd3 42. Kxd3 (42. Kxe4 {is a self mate.} d2 43. Re6 d1=Q 44. d6 Qe2+ 45. Kd5 Qd3+ 46. Ke5 Qf5+ 47. Kd4 Qxe6 48. Kd3 Rxd6+ 49. Kc2 Qe3 50. h4 Rd2+ 51. Kc1 Qe1#) 42... Nf2+ 43. Kd4) 40... b5 (40... Ne4+ $142 41. Ke3 Nxd2 42. Kxd2 b5) 41. Rxd3 Ne4+ ({Worse is} 41... cxd3 42. Rxc3 Rxd5 43. Ke1 $11) 42. Ke3 {[%emt 0:00:04] Threatens to win with Ra3.} cxd3 43. Kxd3 {[%emt 0:00:05] [#]} Nd6 44. Kd4 (44. Rb6 {might work better.}) 44... Nf5+ 45. Kc5 {[%emt 0:00:27] [#]} Rxd5+ $3 {[%emt 0:00:11][%mdl 512] What a bad dream for White.  Weighted Error Value: White=0.42/Black=0.20 (precise)} 0-1

[Event "41st Zalakaros Festival 2022"]
[Site "Zalakaros"]
[Date "2022.06.06"]
[Round "2.7"]
[White "Farkas, Gabor"]
[Black "Pogany, Zsombor"]
[Result "1-0"]
[ECO "D02"]
[WhiteElo "2324"]
[BlackElo "2104"]
[Annotator "TA"]
[PlyCount "65"]
[EventDate "2022.06.05"]
[EventType "swiss"]
[EventCountry "HUN"]
[SourceTitle "playchess.com"]
[Source "ChessBase"]
[SourceQuality "1"]
[TimeControl "40/5400+30:1800+30"]

1. Nf3 Nf6 2. d4 d5 3. Bf4 c5 4. e3 Nc6 5. Bb5 cxd4 6. exd4 {[%emt 0:04:58] D02: 1 d4 d5 2 Nf3 sidelines, including 2...Nf6 3 g3 and 2...Nf6 3 Bf4.} Bg4 7. O-O e6 8. c3 {[%emt 0:06:25] The position is equal.} Bd6 (8... Qb6 $5 9. a4 a6 10. Bxc6+ Qxc6 $11) 9. Bxd6 Qxd6 10. Nbd2 O-O {[%emt 0:00:35] [#]} 11. Qe1 $146 ({Predecessor:} 11. Re1 a6 12. Bf1 Rfe8 13. h3 Bh5 14. a4 Qc7 15. Qb3 Re7 16. Re3 Rae8 17. Rae1 {½-½ (34) Ding,L (2799)-Hovhannisyan,R (2626) Chess.com INT 2021}) 11... Qc7 12. Bd3 Bh5 13. Qe3 Bg6 14. Bxg6 hxg6 15. Rfe1 b5 16. Ng5 b4 17. Rac1 Qb6 18. Qh3 bxc3 19. bxc3 Rfe8 20. Ndf3 {[%emt 0:03:33] Inhibits e5. aiming for Ne5.} Rac8 21. Ne5 Rc7 {[%emt 0:04:19] [#]} (21... Nxe5 $2 22. dxe5 Nh5 23. g4 $18 (23. Qf3 f6 $11)) (21... Nd8 $1 $11) 22. Rb1 (22. Re3 $1 $16) 22... Qa5 (22... Qa6 $11 {remains equal.}) 23. Re3 {[%emt 0:00:46] White is much more active.} (23. Nexf7 $16 Rxf7 24. Nxf7 Kxf7 25. Rb7+ Kg8 26. Rxe6) 23... Qxa2 $11 24. Rbe1 $40 {[%emt 0:00:01][%mdl 128] White attacks.} Nxe5 $4 (24... Qd2 $11 {and Black is okay.}) 25. dxe5 $18 Ne4 (25... Nh5 $2 26. g4 Qc2 27. gxh5 $18) 26. Qh7+ Kf8 27. Nxe4 {[%emt 0:00:16] The board is on fire.} dxe4 28. Qh8+ {[%emt 0:00:15][%mdl 64] [#] Deflection} (28. Rxe4 Rc4 29. Qh8+ Ke7 30. Qh4+ (30. Qxg7 Rxe4 31. Qf6+ Kf8 $11) 30... g5 31. Qxg5+ Kf8 $16) 28... Ke7 29. Qxg7 Kd8 30. Rxe4 Kc8 31. Rb4 Rd8 32. Reb1 {[%emt 0:01:23] Rb8+ is the strong threat.} Rd3 $2 (32... Rcd7 $18 33. h3 a5) 33. h3 {[%emt 0:02:02] Weighted Error Value: White=0.10 (very precise) /Black=0.56} (33. Qf8+ $142 Kd7 34. Qxf7+ Kc6 35. Qe8+ Rdd7 36. Qa8+ Rb7 37. Rxb7 Qxb1+ 38. Rxb1+ Kc5 39. Qc8+ Kd5 40. Qxd7+ Ke4 41. Qd4+ Kf5 42. Rb4 Kg5 43. Qh4+ Kf5 44. Qf6#) 1-0

[Event "41st Zalakaros Festival 2022"]
[Site "Zalakaros"]
[Date "2022.06.06"]
[Round "2.8"]
[White "Hrbolka, Ladislav"]
[Black "Peczely, Sebastian Zsombor"]
[Result "1/2-1/2"]
[ECO "D11"]
[WhiteElo "2193"]
[BlackElo "2313"]
[Annotator "TA"]
[PlyCount "87"]
[EventDate "2022.06.05"]
[EventType "swiss"]
[EventCountry "HUN"]
[SourceTitle "playchess.com"]
[Source "ChessBase"]
[SourceQuality "1"]
[TimeControl "40/5400+30:1800+30"]

1. d4 d5 2. Nf3 Nf6 3. c4 c6 4. e3 g6 5. Nc3 Bg7 6. Be2 O-O 7. O-O dxc4 {[%emt 0:01:08] Recently 7...a6 got a lot of attention.} 8. Bxc4 b5 9. Be2 {[%emt 0:02:08] D94: Grünfeld: 4 Nf3 Bg7 5 e3.} Bb7 10. b3 Nbd7 11. Bb2 {[%emt 0:00:29] [#] White is slightly better.} Nb6 $146 (11... a6 $11) ({Predecessor:} 11... a6 12. b4 e6 13. Qb3 Nd5 14. Ne4 a5 15. a3 Qe7 16. Nc5 Nxc5 17. bxc5 Rfd8 {½-½ (78) Tari,A (2618)-Van Foreest,J (2601) Chess.com INT 2019}) 12. Nd2 Nfd7 13. Bf3 Qb8 14. a4 b4 15. Nce4 e5 16. a5 {[%emt 0:06:54] White is more active.} Nd5 17. a6 Bc8 18. Nc4 (18. Qc2 $16) 18... f5 $11 19. Ned6 e4 20. Be2 N7b6 21. Nxc8 Qxc8 22. Qc2 Qe6 23. Rae1 g5 24. f3 exf3 25. Bxf3 Nxc4 26. Qxc4 g4 27. e4 gxf3 28. exd5 Qxd5 29. Qxd5+ (29. Rxf3 $11 {was preferrable.} Rae8 30. Rxe8 (30. Qxb4 c5 $11) 30... Rxe8 31. Qxb4) 29... cxd5 $15 30. Rxf3 Rac8 31. Re7 Bf6 (31... Rf7 $5 32. Rb7 Rc2 $11) 32. Re2 ({Don't go for} 32. Rxa7 $2 Rc2 33. Rd7 (33. Rxf5 $2 Rxb2 34. Rxf6 Rxf6 $19) (33. Rg3+ $2 Kh8 $19) 33... Rxb2 $19) 32... Rc6 33. Kf1 Rxa6 34. Rxf5 Ra2 35. Ref2 Bg7 {[%emt 0:00:14] [#] And now ...Rxf5 would win.} 36. Rxf8+ Bxf8 $11 {[%emt 0:00:05][%mdl 4096] Endgame KRB-KRB} 37. Ke1 a5 38. Kd1 Bh6 39. Re2 a4 40. bxa4 b3 41. a5 Rxa5 42. Re8+ Kf7 43. Rb8 Bf4 44. Rxb3 {Weighted Error Value: White=0.11 (very precise) /Black=0.10 (very precise)} 1/2-1/2